 Dungeon Crawl Stone Soup version 0.24.0-123-gd5b16e6ec5 (webtiles) character file.

Game seed: 16755017735802237535, levelgen mode: deterministic

179 hazymike the Skirmisher (level 5, -1/57 HPs)
             Began as an Ogre Monk on Feb 8, 2020.
             Was a Believer of Ashenzari.
             Slain by a worker ant (6 damage)
             ... on level 4 of the Dungeon.
             The game lasted 00:17:36 (3018 turns).

hazymike the Skirmisher (Ogre Monk)                 Turns: 3018, Time: 00:17:37

Health: -1/57      AC:  6    Str: 15    XL:     5   Next: 59%
Magic:  5/5        EV: 11    Int: 12    God:    Ashenzari [**....]
Gold:   176        SH:  2    Dex: 11    Spells: 4/4 levels left

rFire    + . .     SeeInvis .   a - +0 mace
rCold    . . .     Gourm    .   (no shield)
rNeg     . . .     Faith    .   g - +0 robe (curse)
rPois    .         Spirit   .   (helmet restricted)
rElec    .         Reflect  +   r - +0 cloak
rCorr    .         Harm     .   (gloves unavailable)
MR       .....                  (boots unavailable)
Stlth    ++........             m - +2 amulet of reflection (curse)
HPRegen  0.19/turn              e - ring of protection from fire
MPRegen  0.09/turn              p - +2 ring of protection

@: lethally poisoned (-1 -> -18)
A: large, unfitting armour, tough skin 1
a: Curse Item, Scrying, Renounce Religion


You were on level 4 of the Dungeon.
You worshipped Ashenzari.
Ashenzari was pleased with you.
You were not hungry.

You visited 1 branch of the dungeon, and saw 4 of its levels.

You collected 176 gold pieces.

Inventory:

Hand Weapons
 a - a +0 mace (weapon)
 b - a +1 hunting sling
Missiles
 h - 7 poisoned darts (quivered)
 k - 74 stones
Armour
 g - a cursed +0 robe (worn)
 r - a +0 cloak (worn)
Jewellery
 e - a ring of protection from fire (left hand)
 m - a cursed +2 amulet of reflection (around neck)
 p - a +2 ring of protection (right hand)
Wands
 n - a wand of random effects (17)
Scrolls
 d - a scroll of teleportation
 f - a scroll of blinking
 i - a scroll of magic mapping
 o - a scroll of enchant weapon
 t - a scroll of random uselessness {unknown}
Potions
 l - a potion of curing {unknown}
 q - a potion of magic
 s - a potion of resistance
Comestibles
 c - 9 rations
 j - 3 chunks of flesh


   Skills:
 + Level 5.1 Fighting
 * Level 4.2 Maces & Flails
 + Level 3.5 Dodging
 - Level 2.0 Stealth


You had 4 spell levels left.
You didn't know any spells.
Your spell library was empty.

Dungeon Overview and Level Annotations

Branches:
Dungeon (4/15)
 Temple: D:4-7

Altars:
Ashenzari
Dithmenos
Elyvilon
Makhleb
Nemelex Xobeh
Uskayaw
Vehumet
Xom
Zin


Innate Abilities, Weirdness & Mutations

You are too large for most types of armour.
You have tough skin. (AC +1)


Message History

You feel sick. The worker ant closely misses you. The worker ant bites you.
* * * LOW HITPOINT WARNING * * *
You are lethally poisoned!
The worker ant poisons you!
You barely miss the worker ant.
The worker ant is almost dead.
* * * LOW HITPOINT WARNING * * *
You feel sick. The worker ant completely misses you.
You closely miss the worker ant.
The worker ant is almost dead.
* * * LOW HITPOINT WARNING * * *
You feel sick. The worker ant barely misses you. The worker ant bites you.
* * * LOW HITPOINT WARNING * * *
You are more poisoned.
The worker ant poisons you!
You closely miss the worker ant.
The worker ant is almost dead.
* * * LOW HITPOINT WARNING * * *
You feel sick. The worker ant bites you.
You die...

, * * .# , , * ,*
### ,... , , *#,
#.. {.. *, ,
#..###.##{##.(, ,
#......(.{.... * ,
# * #.#
#.####.##.#.# ,
...#a##.#.#
..#####.#@##.#.#
*,*
*..........##.#.#
, ..####.####.#.#
, , ,,,
#.####.#.####.#
####......#.......
* ,
,..............# *
* *#############.#
,,,...........# ,
< ,...........#


You could see a worker ant.

Vanquished Creatures
  A bullfrog (D:4)
  A hound (D:2)
  3 adders (D:3)
  An ooze (D:2)
  A worm (D:3)
  A leopard gecko (D:3)
  An orc (D:3)
  5 giant cockroaches
  9 goblins
  5 hobgoblins
  8 jackals (D:3)
  4 kobolds
  5 bats
  A frilled lizard (D:2)
  6 rats
52 creatures vanquished.

Notes
Turn   | Place    | Note
-------+----------+-------------------------------------------
     0 | D:1      | hazymike the Ogre Monk began the quest for the Orb.
     0 | D:1      | Reached XP level 1. HP: 24/24 MP: 1/1
   218 | D:1      | Found a shattered altar of Ashenzari.
   224 | D:1      | Became a worshipper of Ashenzari the Shackled
   224 | D:1      | Reached * piety under Ashenzari
   224 | D:1      | Reached ** piety under Ashenzari
   365 | D:1      | Reached XP level 2. HP: 31/32 MP: 2/2
   826 | D:2      | Reached XP level 3. HP: 3/40 MP: 3/3
  1299 | D:2      | Found a sparkling altar of Nemelex Xobeh.
  1477 | D:2      | Found a glowing silver altar of Zin.
  1555 | D:2      | Reached XP level 4. HP: 49/49 MP: 4/4
  1659 | D:2      | Found a burning altar of Makhleb.
  1692 | D:2      | Found an iron altar of Okawaru.
  1694 | D:2      | Found a shimmering altar of Xom.
  1694 | D:2      | Found a hide-covered altar of Uskayaw.
  1704 | D:2      | Found a shadowy altar of Dithmenos.
  1704 | D:2      | Found a basalt altar of Yredelemnul.
  1704 | D:2      | Found a white marble altar of Elyvilon.
  2542 | D:3      | Reached XP level 5. HP: 43/55 MP: 5/5
  2904 | D:4      | Found a radiant altar of Vehumet.
  2913 | D:4      | Reached skill level 5 in Fighting
  3018 | D:4      | Slain by a worker ant

Levels and vault maps discovered:
D:1:      lightli_arrival_statuegarden, layout_loops_ring,
          grunt_decor_resistance, ashenzari_altar_1
D:2:      layout_loops_cross, lemuel_coloured_pillars_altar,
          lemuel_doored_altar, doesnt_xom_only_xom, makhleb_heckhound_becter
D:3:      layout_basic, first_ration, kennysheep_generic_room_13
D:4:      layout_basic, nicolae_overflow_crystal_walls,
          ebering_ghost_reflecting_pool

Skill      XL: |  1  2  3  4  5 |
---------------+----------------+-----
Maces & Flails | 3 4 |  4.2
Dodging        | 3 |  3.5
Stealth        | 2 |  2.0
Fighting       | 5 |  5.1

Action                   |  1- 3 |  4- 6 || total
-------------------------+-------+-------++-------
Melee: Mace              |    51 |    83 ||   134
Throw: Dart              |    27 |    45 ||    72
Invok: Curse Item        |     1 |     1 ||     2
  Use: Scroll            |       |     7 ||     7
 Stab: Sleeping          |     3 |       ||     3
       Distracted        |       |     1 ||     1
  Eat: Chunk             |     2 |     5 ||     7
Armor: Robe              |    11 |    23 ||    34
Dodge: Dodged            |    21 |    55 ||    76
Block: Other             |       |     6 ||     6
